 Dungeon Crawl Stone Soup version 0.22.1-2-g9c5b331 (webtiles) character file.

285 Matador8 the Changer (level 6, 0/43 HPs)
             Began as a Merfolk Transmuter on Dec 19, 2018.
             Slain by an orc priest
             ... wielding a +0 mace
              (3 damage)
             ... on level 3 of the Dungeon.
             The game lasted 00:19:05 (3510 turns).

Matador8 the Changer (Merfolk Transmuter)           Turns: 3510, Time: 00:19:06

Health: 0/43       AC:  4    Str: 11    XL:     6   Next: 29%
Magic:  2/9        EV: 13    Int: 14    God:
Gold:   130        SH:  0    Dex: 14    Spells: 3/9 levels left

rFire    . . .     SeeInvis .     - Unarmed
rCold    . . .     Gourm    .   (no shield)
rNeg     . . .     Faith    .   p - +0 leather armour
rPois    .         Spirit   .   (no helmet)
rElec    .         Reflect  .   (no cloak)
rCorr    .         Harm     .   (no gloves)
MR       .....                  l - +0 pair of boots
Stlth    +.........             (no amulet)
HPRegen  0.14/turn              (no ring)
MPRegen  0.11/turn              (no ring)

@: very slightly contaminated, drained
A: change form in water, swift swim, stealthy swim
a: no special abilities


You were on level 3 of the Dungeon.
You were not hungry.

You visited 1 branch of the dungeon, and saw 3 of its levels.

You collected 130 gold pieces.

Inventory:

Missiles
 a - 17 bolts
 k - 2 needles of sleeping
 o - 8 arrows
Armour
 b - a +0 scale mail
 l - a +0 pair of boots (worn)
 p - a +0 leather armour (worn)
Scrolls
 c - 4 scrolls of identify {unknown}
 g - a scroll of teleportation {unknown}
 h - a scroll of fog {unknown}
 i - a scroll of enchant weapon {unknown}
 j - a scroll of random uselessness {unknown}
 m - 2 scrolls of magic mapping {unknown}
 n - a scroll of fear {unknown}
Potions
 e - 2 potions of might
 f - a potion of invisibility {unknown}
 r - a potion of cancellation {unknown}
Comestibles
 d - 2 rations
 q - a chunk of flesh


   Skills:
 - Level 1.1(0.8) Fighting
 - Level 4.1(3.9) Dodging
 + Level 5.5(5.2) Unarmed Combat
 - Level 2.0(1.7) Spellcasting
 + Level 5.8(5.5) Transmutations


You had 3 spell levels left.
You knew the following spells:

 Your Spells              Type           Power        Failure   Level  Hunger
a - Beastly Appendage     Tmut           ###...       3%          1    ##.....
b - Sticks to Snakes      Tmut           ###.....     4%          2    ###....
c - Spider Form           Tmut/Pois      #.........   30%         3    ####...

Your spell library contained the following spells:

 Spells                   Type           Power        Failure   Level  Hunger
 Magic Dart               Conj           #...         32%         1    ##.....
 Blink                    Tloc           N/A          43%         2    ###....
 Call Imp                 Summ           #.......     43%         2    ###....
 Slow                     Hex            #.......     43%         2    ###....
 Conjure Flame            Conj/Fire      #.......     67%         3    ####...
 Mephitic Cloud           Conj/Pois/Air  #.......     67%         3    ####...
 Blade Hands              Tmut           ###.......   65%         5    ######.
 Ice Form                 Ice/Tmut       #.......     71%         4    #####..


Dungeon Overview and Level Annotations

Branches:
Dungeon (3/15)

Altars:
Okawaru


Message History

Your ball python bites the orc priest but does no damage.
Your ball python constricts the orc priest.
You hit the orc priest but do no damage.
The orc priest is moderately wounded.
Your ball python bites the orc priest but does no damage.
The orc priest barely misses you.
Your ball python bites the orc priest but does no damage.
Your ball python constricts the orc priest.
You hit the orc priest but do no damage.
The orc priest is moderately wounded.
Your ball python bites the orc priest but does no damage. x2
Your ball python constricts the orc priest.
The orc priest looks braver for a moment.
Your ball python bites the orc priest but does no damage.
You completely miss the orc priest.
The orc priest is moderately wounded.
Your ball python bites the orc priest.
Your ball python constricts the orc priest.
The orc priest hits you with a mace.
You die...

#.. #.#####.# #.# #####..
#.#.#...#.#######.## ....... #
#.#?#.#S#S........). .......###.#
#.#.#.#.S.........## .....(.<...#
#.#.#.##############
.......#######.#.#...............
.#..... ...#.###.........####
#.....#######.#S#...............
................@o........)....>#
...............)S#.#.........##.#
###...w..#####†###)#.........##.#
#.... #.... #[#.........##.#
#....##o#.........##.#
#.......#.........##..
........############## ###...
........o######## ......
..........o..o....


You could see an orc priest and 2 friendly ball pythons.

Vanquished Creatures
  2 orc wizards
  Terence (D:3)
  3 adders (D:2)
  An ooze (D:3)
  3 worms
  4 dart slugs
  2 leopard geckos
  8 orcs
  6 giant cockroaches
  19 goblins
  13 hobgoblins
  6 jackals
  A quokka (D:3)
  2 ball pythons (D:2)
  7 bats
  2 frilled lizards
  5 kobolds
  5 rats
90 creatures vanquished.

Vanquished Creatures (collateral kills)
  2 orc wizards
  2 adders
  A worm (D:2)
  A dart slug (D:3)
  3 orcs
  A bat (D:3)
  2 goblins
  3 hobgoblins
  2 jackals (D:3)
  A quokka (D:3)
  A frilled lizard (D:2)
  A kobold (D:1)
20 creatures vanquished.

Grand Total: 110 creatures vanquished

Notes
Turn   | Place    | Note
-------+----------+-------------------------------------------
     0 | D:1      | Matador8 the Merfolk Transmuter began the quest for the
                  | Orb.
     0 | D:1      | Reached XP level 1. HP: 15/15 MP: 3/3
   102 | D:1      | Reached XP level 2. HP: 12/21 MP: 5/5
   106 | D:1      | Learned a level 2 spell: Sticks to Snakes
   458 | D:1      | Reached XP level 3. HP: 26/26 MP: 6/6
  1020 | D:2      | Reached XP level 4. HP: 28/32 MP: 3/7
  1039 | D:2      | Learned a level 3 spell: Spider Form
  1100 | D:2      | HP: 1/32 [hobgoblin/club (8)]
  1860 | D:2      | Reached XP level 5. HP: 32/37 MP: 8/8
  1987 | D:3      | Noticed Terence
  2081 | D:3      | Found an iron altar of Okawaru.
  2423 | D:3      | HP: 1/37 [orc/trident (5)]
  2426 | D:2      | Reached skill level 5 in Transmutations
  2768 | D:2      | Reached skill level 5 in Unarmed Combat
  3160 | D:3      | Reached XP level 6. HP: 43/43 MP: 7/9
  3326 | D:3      | Killed Terence
  3506 | D:3      | HP: 2/43 [orc priest/divine providence (16)]
  3510 | D:3      | Slain by an orc priest

Skill      XL: |  1  2  3  4  5 |
---------------+----------------+-----
Dodging        | 3 4 |  4.1
Transmutations | 3 4 5 |  5.8
Unarmed Combat | 4 5 |  5.5
Fighting       | |  1.1
Spellcasting   | |  2.0

Action                   |  1- 3 |  4- 6 || total
-------------------------+-------+-------++-------
Melee: Unarmed           |    85 |   242 ||   327
       Headbutt          |     8 |    16 ||    24
       Punch             |     3 |     6 ||     9
 Cast: Beastly Appendage |     9 |    15 ||    24
       Sticks to Snakes  |     4 |    29 ||    33
  Use: Potion            |       |     1 ||     1
 Stab: Sleeping          |     1 |       ||     1
       Distracted        |       |     1 ||     1
  Eat: Chunk             |     1 |    11 ||    12
Armor: Robe              |    17 |    34 ||    51
       Leather armour    |       |    10 ||    10
Dodge: Dodged            |    43 |   189 ||   232
